Map: Oxide LE

Players

Serral - Winner!

  • Race: Zerg Zerg
  • Spawn Location: 1:00

Stats

  • Race: Protoss Protoss
  • Spawn Location: 7:00

Event: DreamHack SC2 Masters 2020 Winter

VOD

Have the link to the VOD?

Description

Time

  • Played on: Nov. 15, 2020, 12:08 p.m.
  • Length: 16:47

All games in this series

Show
View Real Time Build Order
Export as new Build Order

Serral Zerg - Winner!

Build Orders: Hatch First 

Get SALT Encoding   

  12  0:00  Drone  
  13  0:13  Overlord  
  13  0:18  Drone  
  14  0:31  Drone x2  
  17  0:35  Drone  
  17  0:52  Hatchery  
  17  0:56  Drone  
  17  0:59  Drone  
  18  1:05  Extractor  
  17  1:14  Spawning Pool  
  17  1:17  Drone  
  17  1:21  Drone  
  18  1:28  Drone  
  19  1:41  Drone  
  20  1:50  Overlord  
  20  2:04  Queen  
  20  2:06  Metabolic Boost, Zergling x4  
  24  2:10  Queen  
  24  2:13  Drone  
  27  2:18  Drone  
  27  2:22  Drone  
  29  2:25  Drone  
  30  2:32  Drone  
  31  2:38  Drone  
  32  2:44  Hatchery  
  32  2:50  Queen  
  33  2:55  Overlord  
  33  2:56  Zergling x2  
  34  2:59  Drone  
  34  3:00  Drone  
  35  3:13  Drone  
  35  3:17  Drone x2  
  35  3:18  Drone  
  35  3:19  Drone x2  
  41  3:25  Overlord  
  41  3:26  Queen  
  43  3:28  Overlord  
  43  3:33  Spore Crawler  
  43  3:34  Drone  
  43  3:44  Drone  
  43  3:45  Drone x4  
  48  3:54  Zergling x2  
  48  3:55  Spore Crawler, Zergling x2  
  50  3:57  Queen  
  50  3:58  Drone x2  
  50  3:59  Drone  
  50  4:02  Zergling x2  
  55  4:09  Spore Crawler  
  54  4:12  Zergling x2  
  54  4:14  Overlord  
  54  4:15  Drone x4  
  58  4:24  Zergling x2  
  58  4:25  Roach Warren  
  58  4:26  Overlord  
  58  4:27  Drone  
  59  4:33  Overlord  
  59  4:38  Drone, Zergling x2  
  60  4:39  Drone x4  
  60  4:44  Lair  
  65  4:48  Zergling x2  
  65  4:51  Drone  
  65  4:52  Drone x2  
  69  4:55  Drone  
  69  4:59  Extractor x2  
  69  5:00  Drone x3, Extractor  
  69  5:03  Extractor  
  69  5:04  Evolution Chamber  
  69  5:07  Drone x2  
  70  5:12  Drone x4  
  74  5:14  Extractor, Overlord  
  74  5:16  Drone x2  
  74  5:18  Drone  
  74  5:20  Drone  
  75  5:30  Zerg Melee Weapons Level 1  
  75  5:32  Drone x6  
  80  5:40  Drone x2  
  82  5:46  Spire, Overseer  
  82  5:48  Glial Reconstitution  
  81  5:51  Drone x2  
  81  5:53  Drone  
  81  5:57  Hatchery  
  83  5:58  Roach x3  
  83  6:00  Overlord  
  83  6:02  Overlord x3  
  88  6:08  Spine Crawler x2  
  86  6:13  Roach  
  86  6:14  Overlord  
  86  6:16  Overlord  
  88  6:20  Ravager x3  
  88  6:21  Roach x4  
  99  6:26  Roach  
  99  6:27  Roach  
  99  6:29  Overlord, Spine Crawler  
  99  6:32  Roach x2  
  106  6:34  Ravager  
  106  6:38  Roach x3  
  113  6:46  Baneling Nest  
  113  6:47  Roach  
  113  6:48  Roach  
  117  6:55  Drone x4  
  117  6:56  Pneumatized Carapace  
  117  6:57  Overseer  
  117  6:59  Drone  
  117  7:01  Evolution Chamber  
  120  7:05  Overlord  
  120  7:06  Hatchery  
  120  7:07  Overlord  
  119  7:08  Zergling x4  
  119  7:09  Zergling x6  
  119  7:14  Overlord  
  124  7:19  Zergling x8  
  128  7:27  Zerg Melee Weapons Level 2  
  128  7:28  Zerg Missile Weapons Level 1  
  128  7:29  Centrifical Hooks  
  128  7:31  Ravager x5  
  128  7:32  Zergling x6  
  128  7:34  Overseer  
  136  7:38  Zergling x10  
  141  7:44  Zergling x6  
  144  7:58  Zergling x2  
  144  7:59  Zergling x18  
  144  8:02  Baneling x16  
  154  8:18  Drone x6  
  159  8:25  Overlord  
  159  8:28  Drone  
  159  8:29  Overlord x2  
  159  8:33  Overlord  
  159  8:38  Infestation Pit  
  159  8:40  Overlord x2  
  158  8:41  Drone  
  158  8:43  Queen  
  158  8:45  Spire  
  158  8:48  Drone x3  
  163  8:49  Drone x2  
  163  8:50  Drone  
  163  8:53  Ravager x2  
  163  8:54  Ravager x2  
  170  8:56  Zergling x6  
  170  8:59  Zergling x2  
  170  9:00  Zergling x6  
  170  9:02  Hatchery  
  176  9:04  Extractor  
  176  9:05  Baneling x10  
  175  9:10  Baneling x4  
  175  9:13  Zergling x10  
  180  9:18  Baneling x8  
  176  9:33  Baneling x14  
  176  9:37  Zergling x20  
  163  9:47  Zergling x2  
  163  9:48  Zergling x22  
  171  9:56  Baneling x17  
  171  9:58  Ravager  
  172  10:00  Zergling x2  
  172  10:01  Zergling x6  
  164  10:13  Zergling x22  
  126  10:21  Zergling x16  
  126  10:26  Roach x2  
  125  10:28  Roach x4  
  125  10:32  Baneling x10  
  125  10:34  Roach  
  131  10:37  Roach x3  
  131  10:38  Roach  
  131  10:40  Baneling x3  
  131  10:42  Roach  
  137  10:43  Zergling x2  
  137  10:44  Zergling x2  
  137  10:49  Ravager x6  
  144  10:52  Drone  
  144  10:53  Zergling x6  
  148  10:58  Extractor  
  148  10:59  Zergling x12  
  153  11:04  Baneling x8  
  153  11:11  Zergling x16  
  136  11:20  Roach x5, Zergling x4  
  136  11:21  Zergling x2  
  136  11:25  Roach  
  127  11:30  Roach x3  
  122  11:34  Zerg Missile Weapons Level 2  
  122  11:36  Hatchery  
  120  11:42  Ravager x4  
  124  11:48  Roach x3, Zergling x14  
  124  11:51  Baneling x5  
  124  11:52  Baneling x2  
  137  12:00  Hive  
  135  12:04  Drone x6  
  135  12:05  Drone x2  
  143  12:08  Zergling x8  
  143  12:11  Ravager  
  143  12:12  Ravager x2  
  149  12:16  Zergling x12  
  149  12:19  Baneling x5  
  156  12:22  Zergling x2  
  156  12:23  Zergling x2  
  156  12:28  Baneling x7  
  157  12:30  Zergling x8  
  158  12:40  Zergling x22  
  167  12:44  Baneling x4  
  167  12:45  Baneling x8  
  167  12:54  Zergling x10  
  167  12:57  Ravager x3  
  175  13:02  Zergling x22  
  186  13:09  Ravager x3  
  185  13:13  Zergling x10  
  190  13:20  Baneling x12  
  190  13:21  Baneling  
  190  13:22  Zergling x6  
  190  13:26  Zergling x4  
  195  13:30  Adrenal Glands  
  195  13:34  Zergling x10  
  200  13:38  Baneling x7  
  196  13:45  Zergling x16  
  163  13:58  Zergling x16  
  163  14:02  Roach  
  143  14:03  Queen  
  143  14:04  Queen  
  143  14:07  Zerg Melee Weapons Level 3, Zerg Ground Armor Level 1  
  143  14:08  Baneling  
  143  14:09  Baneling x10  
  144  14:10  Baneling  
  144  14:11  Zergling x8  
  148  14:17  Zergling x10  
  148  14:23  Roach  
  148  14:24  Roach x2  
  159  14:25  Baneling x3  
  159  14:26  Baneling x2, Roach x2  
  163  14:32  Roach x2, Zergling x8  
  168  14:39  Hatchery  
  162  14:48  Roach x3, Zergling x20  
  163  14:59  Roach, Zergling x12  
  166  15:04  Baneling x7  
  166  15:05  Baneling  
  160  15:13  Zergling x12  
  161  15:27  Zergling x18  
  168  15:29  Baneling x22  
  168  15:30  Ravager x2  
  168  15:31  Ravager x2  
  170  15:36  Ultralisk Cavern, Zergling x22  
  180  15:43  Baneling x14  
  180  15:44  Baneling  
  180  15:49  Drone x2  
  183  15:50  Drone x4  
  183  15:52  Zergling x4  
  186  16:07  Zergling x18  
  186  16:08  Zergling x12  
  199  16:15  Baneling x3  
  199  16:16  Baneling  
  199  16:18  Zergling x10  
  199  16:22  Zergling x6  
  199  16:23  Baneling  
  199  16:24  Baneling x5  
Show
View Real Time Build Order
Export as new Build Order

Stats Protoss 

Build Orders: 1 Gate Expand, Oracle Opening 

Get SALT Encoding   

  12  0:00  Probe  
  13  0:12  Probe  
  14  0:19  Pylon  
  14  0:24  Probe  
  15  0:37  Probe (Chrono Boost)  
  16  0:44  Gateway  
  16  0:47  Probe (Chrono Boost)  
  16  0:49  Assimilator  
  17  0:52  Probe (Chrono Boost)  
  18  1:03  Probe  
  19  1:16  Probe  
  20  1:27  Nexus  
  20  1:36  Cybernetics Core  
  20  1:40  Probe  
  20  1:46  Assimilator  
  21  1:52  Probe  
  22  1:55  Pylon  
  22  2:04  Probe  
  23  2:10  Adept (Chrono Boost)  
  23  2:13  Warp Gate  
  25  2:16  Probe  
  26  2:28  Probe (Chrono Boost)  
  27  2:31  Stargate  
  27  2:37  Stalker  
  29  2:39  Probe (Chrono Boost)  
  29  2:40  Probe (Chrono Boost)  
  31  2:49  Probe x2 (Chrono Boost)  
  33  2:54  Probe x2 (Chrono Boost)  
  35  3:01  Gateway  
  35  3:06  Probe x2  
  35  3:12  Oracle (Chrono Boost)  
  37  3:13  Adept  
  37  3:18  Probe  
  37  3:19  Probe  
  44  3:22  Pylon  
  44  3:28  Pylon  
  44  3:30  Probe  
  44  3:31  Probe  
  46  3:42  Probe  
  46  3:43  Probe, Oracle  
  51  3:52  Assimilator  
  51  3:53  Assimilator  
  51  3:54  Pylon, Probe  
  51  3:55  Probe  
  53  4:05  Adept x2  
  53  4:06  Probe  
  53  4:07  Probe  
  58  4:18  Pylon, Probe  
  58  4:19  Probe  
  60  4:31  Nexus, Probe x2  
  61  4:32  Pylon  
  61  4:37  Forge  
  62  4:39  Twilight Council  
  62  4:45  Probe x2  
  64  4:46  Sentry x2  
  68  5:01  Gateway  
  68  5:02  Gateway  
  68  5:05  Gateway  
  68  5:06  Gateway  
  68  5:09  Sentry  
  68  5:12  Protoss Ground Weapons Level 1 (Chrono Boost)  
  70  5:14  Blink, Probe x2  
  68  5:26  Probe x2  
  68  5:27  Sentry  
  72  5:29  Shield Battery  
  72  5:38  Probe x2  
  74  5:43  Probe  
  74  5:44  Pylon  
  74  5:49  Stalker, Robotics Facility  
  77  5:50  Probe  
  77  5:51  Probe  
  77  5:53  Stalker  
  81  5:59  Probe  
  81  6:02  Stalker x2  
  81  6:03  Probe x2  
  88  6:11  Probe  
  89  6:15  Probe x2  
  89  6:17  Stalker x4  
  99  6:22  Assimilator  
  99  6:24  Assimilator  
  99  6:32  Probe x3  
  102  6:37  Robotics Bay  
  102  6:39  Robotics Facility  
  102  6:40  Pylon x2  
  102  6:42  Shield Battery  
  102  6:45  Shield Battery  
  102  6:46  Shield Battery  
  102  6:50  Gateway  
  102  6:51  Gateway, Observer (Chrono Boost)  
  103  7:00  Pylon  
  103  7:01  Stalker x3  
  107  7:03  Protoss Ground Weapons Level 2 (Chrono Boost)  
  107  7:05  Warp Prism (Chrono Boost)  
  111  7:13  Probe x3  
  114  7:21  Photon Cannon  
  114  7:27  Colossus (Chrono Boost)  
  114  7:35  Extended Thermal Lance  
  120  7:37  Colossus (Chrono Boost)  
  126  7:57  Nexus  
  126  7:59  Pylon  
  126  8:02  Pylon  
  126  8:08  Pylon  
  126  8:09  Pylon  
  126  8:12  Colossus (Chrono Boost)  
  126  8:13  Pylon  
  126  8:14  Pylon  
  126  8:19  Stalker  
  134  8:20  Stalker x2  
  134  8:22  Colossus (Chrono Boost)  
  144  8:28  Pylon  
  144  8:31  Pylon  
  144  8:33  Pylon  
  143  8:37  Stalker x3, Sentry x2  
  153  8:51  Stalker x3  
  153  8:53  Nexus  
  153  8:55  Shield Battery  
  159  8:57  Photon Cannon  
  159  9:00  Stalker x3  
  165  9:17  Stalker x5  
  175  9:24  Stalker  
  175  9:25  Stalker  
  175  9:26  Stalker  
  167  9:49  Stalker x7  
  167  9:51  Stalker  
  169  9:55  Probe  
  169  9:56  Probe x2  
  172  10:09  Protoss Ground Weapons Level 3 (Chrono Boost)  
  172  10:13  Stalker x4  
  136  10:23  Stalker x4  
  130  10:40  Stalker x4  
  138  10:48  Stalker x4  
  144  10:52  Assimilator  
  144  10:54  Assimilator  
  144  10:56  Templar Archives  
  144  11:09  Stalker x3  
  140  11:17  Stalker x5  
  113  11:26  Colossus (Chrono Boost)  
  102  11:39  Colossus (Chrono Boost)  
  100  11:46  Shield Battery  
  106  11:48  Photon Cannon  
  106  11:50  Gateway  
  106  11:53  Gateway  
  106  11:57  High Templar x2  
  106  11:58  Zealot x6  
  122  12:02  Archon  
  122  12:15  Charge (Chrono Boost), Pylon, Immortal (Chrono Boost)  
  122  12:17  Immortal (Chrono Boost)  
  130  12:24  High Templar x2  
  134  12:39  Archon  
  134  12:40  Stalker x6  
  146  12:54  Stalker x2  
  146  12:56  Nexus  
  146  12:57  Photon Cannon, Shield Battery  
  150  13:06  Protoss Ground Armor Level 1  
  150  13:09  High Templar x3  
  150  13:10  High Templar  
  150  13:11  Zealot x4  
  166  13:14  Archon x2  
  166  13:21  Photon Cannon  
  166  13:23  Photon Cannon  
  166  13:34  Adept  
  166  13:37  Stalker x4  
  138  13:52  Stalker x3  
  128  13:59  Stalker x3, Colossus (Chrono Boost)  
  128  14:00  Colossus (Chrono Boost)  
  86  14:13  High Templar x2  
  86  14:15  Assimilator  
  90  14:18  Assimilator, Zealot x4  
  90  14:22  Archon  
  90  14:23  High Templar x2  
  102  14:24  Zealot x2  
  102  14:25  Probe  
  102  14:26  Probe  
  102  14:27  Archon  
  108  14:43  High Templar x2  
  104  14:48  Archon  
  104  14:50  Zealot x6  
  98  15:02  Zealot x2  
  98  15:05  Probe  
  98  15:06  Probe x3  
  106  15:11  High Templar x4  
  106  15:13  Zealot x2  
  116  15:16  Archon  
  116  15:17  Archon  
  116  15:19  Adept  
  118  15:29  Colossus (Chrono Boost), Warp Prism (Chrono Boost)  
  122  15:37  Observer  
  122  15:42  Pylon  
  122  15:45  High Templar x4  
  122  15:49  Archon x2  
  130  15:52  Nexus  
  130  16:07  Stalker x2, Zealot  
  130  16:08  Zealot x3  
  136  16:14  Probe  
  136  16:15  Probe x3  
  112  16:22  High Templar x3  
  117  16:26  Archon  
  117  16:27  High Templar  
Tags
 
Add a new tag
Caveats
  • Supply blocks, unpowered buildings, or Contaminate may cause inaccurate times.
  • Supply counts are checked every 10 seconds.